 Dungeon Crawl Stone Soup version 0.29-a0-555-g3b24f45cc1 (webtiles) character file.

Game seed: 2681166310756998484

9 Hubjo the Insei (level 2, 0/21 HPs)
             Began as a Demonspawn Transmuter on June 7, 2022.
             Slain by a ball python (1 damage)
             ... on level 1 of the Dungeon.
             The game lasted 00:00:28 (207 turns).

Hubjo the Insei (Demonspawn Transmuter)              Turns: 207, Time: 00:00:28

Health: 0/21       AC:  8    Str: 10    XL:     2   Next: 3%
Magic:  4/5        EV: 12    Int: 14    God:
Gold:   23         SH:  0    Dex: 13    Spells: 4/5 levels left

rFire   . . .      SeeInvis .     - Unarmed
rCold   . . .      Faith    .   (no shield)
rNeg    . . .      Spirit   .   a - +0 robe
rPois   .          Reflect  .   (helmet currently unavailable)
rElec   .          Harm     .   (no cloak)
rCorr   .          Rampage  .   (no gloves)
Will    .....                   (boots currently unavailable)
Stlth   +.........              (no amulet)
HPRegen 0.07/turn               (no ring)
MPRegen 0.09/turn               (no ring)

@: appendages, sanguine armoured
A: horns 2, talons 2, sanguine armour 1
a: End Transformation


You were on level 1 of the Dungeon.
You had temporarily grown beastly horns and talons.
You visited 1 branch of the dungeon, and saw 1 of its levels.

You collected 23 gold pieces.

Inventory:

Armour
 a - a +0 robe (worn)
Scrolls
 c - 2 scrolls of identify {unknown}
Potions
 b - a potion of lignification


   Skills:
 - Level 1.0 Fighting
 * Level 2.0 Dodging
 * Level 0.7 Stealth
 + Level 2.7 Unarmed Combat
 + Level 2.0 Spellcasting
 + Level 1.8 Transmutations


You had 4 spell levels left.
You knew the following spells:

 Your Spells              Type           Power      Damage    Failure   Level
a - Beastly Appendage     Tmut           12%        N/A       11%         1

Your spell library contained the following spells:

 Spells                   Type           Power      Damage    Failure   Level
 Wereblood                Tmut           6%         N/A       17%         2
 Spider Form              Tmut/Pois      4%         N/A       43%         3
 Ice Form                 Ice/Tmut       4%         N/A       85%         4


Dungeon Overview and Level Annotations

Branches:
Dungeon (1/15)

Altars:


Innate Abilities, Weirdness & Mutations

You have temporarily grown beastly horns and talons.
When seriously injured, your blood forms armour. (AC +6)


Message History

The dart slug launches a dart at you. The slug dart misses you.
The rat bites you but does no damage.
The ball python bites you but does no damage.
The ball python closely misses you.
The ball python attacks as you move away!
The ball python barely misses you. The ball python closely misses you.
The rat bites you.
The ball python bites you but does no damage.
The ball python barely misses you.
You see here a rat corpse.
The rat attacks as you move away! The rat misses you.
The ball python bites you. The ball python barely misses you.
The rat bites you.
* * * LOW HITPOINT WARNING * * *
The ball python attacks as you move away!
The ball python misses you. The ball python closely misses you.
The ball python misses you. The ball python grabs you.
The ball python constricts you.
You escape the ball python's grasp.
The rat attacks as you move away! The rat bites you but does no damage.
Casting: Beastly Appendage (safe; 11% risk of failure)
Confirm with . or Enter, or press ? or * to list all spells.
You grow a pair of large bovine horns.
Your feet morph into talons.
The rat barely misses you.
The ball python bites you but does no damage.
The ball python grabs you. The ball python constricts you.
* * * LOW HITPOINT WARNING * * *
You hit the rat but do no damage. The rat bites you but does no damage.
The ball python closely misses you. The ball python constricts you.
You hit the rat but do no damage. You claw the rat.
You kill the rat!
The dart slug launches a dart at you. The slug dart misses you.
The ball python bites you.
* * * LOW HITPOINT WARNING * * *
The ball python constricts you.
You escape the ball python's grasp.
The dart slug bites you.
* * * LOW HITPOINT WARNING * * *
The ball python bites you.
You die...

#.##...... .............)..
......... .####.#.####....
##.#..... #.#..###[...
.......######## #.##..##....
##.#..#........# #.###..##...
.......†.....(.# #.# ##.###..
.##............# ##.####..####
#.......†....####....###>....
.............w@................
###...........S........####....
#..........[.####....# ....
#............# #....# ....
#....######### #....# ....
#.... #....# #### ##### ######


You could see a dart slug and a ball python.

Vanquished Creatures
  A ball python (D:1)
  An endoplasm (D:1)
  A kobold (D:1)
  A frilled lizard (D:1)
  A goblin (D:1)
  5 rats (D:1)
10 creatures vanquished.

Notes
Turn   | Place    | Note
-------+----------+-------------------------------------------
     0 | D:1      | Hubjo the Demonspawn Transmuter began the quest for the
                  | Orb.
     0 | D:1      | Reached XP level 1. HP: 15/15 MP: 3/3
   185 | D:1      | Gained mutation: When seriously injured, your blood forms
                  | armour. (AC +6) [demonic ancestry]
   185 | D:1      | Reached XP level 2. HP: 21/21 MP: 5/5
   207 | D:1      | HP: 1/21 [dart slug (2)]
   207 | D:1      | Slain by a ball python

Illustrated notes

Levels and vault maps discovered:
D:1:      minmay_arrival_semitransparent, layout_rooms

Skill      XL: |  1 |
---------------+----+-----
Dodging        | 2 |  2.0
Fighting       | |  1.0
Stealth        | |  0.7
Unarmed Combat | |  2.7
Spellcasting   | |  2.0
Transmutations | |  1.8

Action                   || total
-------------------------++-------
Melee: Unarmed           ||    25
       Kick              ||     5
       Headbutt          ||     3
 Cast: Beastly Appendage ||     6
Armor: Robe              ||    14
Dodge: Dodged            ||    27

Table legend: (Time is in decaauts)
 A = Elapsed time spent in this place.
 B = Non-inter-level travel time spent in this place.
 C = Inter-level travel time spent in this place.
 D = Time resting spent in this place.
 E = Time spent auto-exploring this place.
 F = Levels seen in this place.
 G = Mean time per level.
                   A        B        C        D        E       F      G
               +--------+--------+--------+--------+--------+-----+--------+
         Total |    205 |    205 |      0 |      0 |    139 |   1 |  205.0 |
       Dungeon |    205 |    205 |      0 |      0 |    139 |   1 |  205.0 |
               +--------+--------+--------+--------+--------+-----+--------+

Top non-repeatable levels by time:
     D:1: 205 daAuts
